 Dungeon Crawl Stone Soup version 0.27-a0-1200-g94dc6ad4cf (webtiles) character file.

Game seed: 16010440338541258055

39 Delamore the Skirmisher (level 3, -7/24 HPs)
             Began as a Gargoyle Fighter on May 29, 2021.
             Killed by divine providence
             ... invoked by an orc priest
              (15 damage)
             ... on level 3 of the Dungeon.
             The game lasted 00:01:41 (1168 turns).

Delamore the Skirmisher (Gargoyle Fighter)          Turns: 1168, Time: 00:01:42

Health: -7/24      AC: 11    Str: 20    XL:     3   Next: 45%
Magic:  3/3        EV:  7    Int:  8    God:
Gold:   27         SH:  9    Dex:  9    Spells: 2/2 levels left

rFire    . . .     SeeInvis .   a - +0 flail
rCold    . . .     Faith    .   c - +0 kite shield
rNeg     + . .     Spirit   .   b - +0 scale mail
rPois    ∞         Reflect  .   f - +0 helmet
rElec    +         Harm     .   (no cloak)
rCorr    .         Rampage  .   (no gloves)
Will     .....                  (no boots)
Stlth    ..........             (no amulet)
HPRegen  0.08/turn              (no ring)
MPRegen  0.08/turn              (no ring)

@: no status effects
A: sickness immunity, AC +3, negative energy resistance 1, electricity
resistance, torment resistance 1, petrification resistance
a: no special abilities


You were on level 3 of the Dungeon.
You visited 1 branch of the dungeon, and saw 3 of its levels.

You collected 27 gold pieces.

Inventory:

Hand Weapons
 a - a +0 flail (weapon)
Armour
 b - a +0 scale mail (worn)
 c - a +0 kite shield (worn)
 f - a +0 helmet (worn)
Scrolls
 h - a scroll of teleportation {unknown}
 j - a scroll of enchant weapon {unknown}
Potions
 d - 2 potions of might
 e - a potion of curing {unknown}
 g - a potion of heal wounds {unknown}
 i - a potion of resistance {unknown}
 k - a potion of berserk rage {unknown}


   Skills:
 + Level 3.8 Fighting
 * Level 3.3 Maces & Flails
 - Level 3.2 Armour
 - Level 3.2 Shields


You had 2 spell levels left.
You didn't know any spells.
Your spell library was empty.

Dungeon Overview and Level Annotations

Branches:
Dungeon (3/15)

Altars:

Shops:
D:2 (


Innate Abilities, Weirdness & Mutations

You are immune to sickness and miasma.
Your stone body is resilient. (AC +3)
You are immune to poison.
You resist negative energy. (rN+)
You are resistant to electric shocks. (rElec)
You are resistant to unholy torment.
You are immune to petrification.


Message History

You barely miss the orc. The orc barely misses you. You block the orc's attack.
You barely miss the orc. You block the orc's attack.
You completely miss the orc.
An orc comes into view. It is wielding a +0 mace.
You block the orc's attack.
You barely miss the orc. The orc hits you but does no damage. x2
You closely miss the orc. The orc hits you but does no damage. x2
The orc barely misses you.
Your shield prevents you from hitting the orc.
The orc hits you but does no damage. x2; You block the orc's attack.
You hit the orc.
The orc is lightly wounded.
The orc hits you with a +0 mace. The orc hits you with a +0 club.
The orc closely misses you. You block the orc's attack.
You barely miss the orc. The orc hits you but does no damage.
An orc priest comes into view. It is wielding a +0 club.
The orc barely misses you.
Your shield and scale mail prevent you from hitting the orc.
You block the orc's attack.
The orc priest looks braver for a moment.
There is a stone staircase leading down here.
The orc hits you but does no damage.
The orc priest hits you but does no damage.
You climb downwards.
A ball python comes into view.
The ball python hisses angrily.
There is a stone staircase leading up here.
Your shield prevents you from hitting the orc priest.
The orc hits you with a +0 club. The orc priest closely misses you.
You block the ball python's attack. x2; The orc closely misses you.
The orc priest looks braver for a moment.
You sock the orc priest!
The orc priest is severely wounded.
The ball python bites you but does no damage.
You block the ball python's attack. You block the orc's attack.
The orc priest mumbles some strange prayers to Beogh against you.
Beogh smites you!
Ouch! That really hurt!
You die...

# .#.######.#.#
......o@o...#
##.....S.......
########.#####
.# #


You could see an orc priest, an orc and a ball python.

Vanquished Creatures
  4 orcs (D:2)
  5 endoplasms
  A giant cockroach (D:1)
  4 goblins
  3 hobgoblins (D:1)
  A kobold (D:2)
  A quokka (D:1)
  3 ball pythons (D:1)
  5 bats
  A frilled lizard (D:1)
  2 rats (D:1)
30 creatures vanquished.

Notes
Turn   | Place    | Note
-------+----------+-------------------------------------------
     0 | D:1      | Delamore the Gargoyle Fighter began the quest for the Orb.
     0 | D:1      | Reached XP level 1. HP: 14/14 MP: 1/1
   271 | D:1      | Reached XP level 2. HP: 15/19 MP: 2/2
   873 | D:1      | Reached XP level 3. HP: 24/24 MP: 3/3
  1055 | D:2      | Found Cahyusk's Antique Weapon Boutique.
  1168 | D:3      | Killed from afar by an orc priest

Illustrated notes

Levels and vault maps discovered:
D:1:      minmay_arrival_checkered_box, layout_rooms
D:2:      cheibrodos_pilgrimage, layout_rooms, serial_shops, shop,
          chequers_ecumenical_altar_lobes
D:3:      layout_loops_ring

Skill      XL: |  1  2 |
---------------+-------+-----
Maces & Flails | 3 |  3.3
Fighting       | |  3.8
Armour         | |  3.2
Shields        | |  3.2

Action                   || total
-------------------------++-------
Melee: Flail             ||   113
Armor: Scale mail        ||    72
Dodge: Dodged            ||    42
Block: Kite shield       ||    89

Table legend: (Time is in decaauts)
 A = Elapsed time spent in this place.
 B = Non-inter-level travel time spent in this place.
 C = Inter-level travel time spent in this place.
 D = Time resting spent in this place.
 E = Time spent auto-exploring this place.
 F = Levels seen in this place.
 G = Mean time per level.
                   A        B        C        D        E       F      G
               +--------+--------+--------+--------+--------+-----+--------+
         Total |   1220 |   1207 |     13 |    131 |    798 |   3 |  406.7 |
       Dungeon |   1220 |   1207 |     13 |    131 |    798 |   3 |  406.7 |
               +--------+--------+--------+--------+--------+-----+--------+

Top non-repeatable levels by time:
     D:1: 1019 daAuts
     D:2: 199 daAuts
     D:3: 2 daAuts
